 Dungeon Crawl Stone Soup version 0.18.1-6-gd335043 (webtiles) character file.

11922 HungrySpirit the Pioneer (level 12, -8/75 HPs)
             Began as a Kobold Artificer on May 18, 2016.
             Was an Elder of Pakellas.
             Mangled by a phantasmal warrior (27 damage)
             ... led by a death knight
             ... on level 11 of the Dungeon.
             The game lasted 00:26:49 (10314 turns).

HungrySpirit the Pioneer (Kobold Artificer)        Turns: 10314, Time: 00:26:50

Health: -8/75      AC:  6    Str: 12    XL:     12   Next: 13%
Magic:  0/20       EV: 27    Int: 10    God:    Pakellas [****..]
Gold:   274        SH:  0    Dex: 23    Spells: 0 memorised, 11 levels left

rFire  . . .     SeeInvis .     F - +3 whip (elec)
rCold  + . .     Gourm    .     m - +1 robe {rC+}
rNeg   . . .     Faith    .     (shield restricted)
rPois  .         Spirit   .     (no helmet)
rElec  +         Dismiss  .     (no cloak)
rCorr  .         Reflect  .     (no gloves)
SustAt .         Harm     .     a - +2 pair of boots
MR     .....                    o - amulet of regeneration
Stlth  +++.......               e - +2 ring of dexterity
                                q - ring of stealth

@: vulnerable, very slightly contaminated, not resistant to hostile
enchantments, fairly stealthy
A: agile 1, carnivore 3, electricity resistance
a: Quick Charge, Device Surge, Renounce Religion


You were on level 11 of the Dungeon.
You worshipped Pakellas.
Pakellas was greatly pleased with you.
You were very full.

You visited 2 branches of the dungeon, and saw 12 of its levels.

You collected 534 gold pieces.
You spent 260 gold pieces at shops.

Inventory:

Hand Weapons
 c - a +0 short sword of speed
 z - a +0 falchion
 F - a +3 whip of electrocution (weapon)
 M - a +0 rapier
Missiles
 C - 3 throwing nets (quivered)
Armour
 a - a +2 pair of boots (worn)
 m - a +1 robe of cold resistance (worn)
 n - a +0 shield
Jewellery
 e - a +2 ring of dexterity (right hand)
 o - an amulet of regeneration (around neck)
 q - a ring of stealth (left hand)
 r - an uncursed ring of see invisible
 u - an uncursed ring of protection from magic
Wands
 d - a wand of enslavement (3/24)
 w - a wand of iceblast (8/15)
 H - a wand of lightning (7/15)
 P - a wand of teleportation (2/9)
Scrolls
 g - 6 scrolls of teleportation
 i - 3 scrolls of remove curse
 l - a scroll of magic mapping
 t - 2 scrolls of noise
 v - 3 scrolls of fear
 y - a scroll of blinking
 E - a scroll of recharging
 K - a scroll of torment {unknown}
 L - a scroll of enchant weapon
 O - a scroll of identify
Potions
 b - 2 potions of flight
 p - a potion of lignification
 s - a potion of magic
 x - a potion of agility
 A - a potion of curing
 D - 6 potions of heal wounds
 I - a potion of berserk rage
Books
 G - a book of Maledictions

   Spells                             Type                      Level
   a - Corona                         Hexes                        1
   b - Ensorcelled Hibernation        Hexes/Ice                    2
   c - Confuse                        Hexes                        3
   d - Tukima's Dance                 Hexes                        3
   e - Dazzling Spray                 Conjuration/Hexes            3
 N - a Young Poisoner's Handbook

   Spells                             Type                      Level
   a - Sting                          Conjuration/Poison           1
   b - Cure Poison                    Poison                       2
   c - Mephitic Cloud                 Conjuration/Poison/Air       3
   d - Olgreb's Toxic Radiance        Poison                       4
   e - Venom Bolt                     Conjuration/Poison           5
Miscellaneous
 j - a box of beasts {used: 2}
 Q - a phial of floods
Comestibles
 f - 7 meat rations
 h - 6 beef jerkies
 k - a slice of pizza
 B - 2 royal jellies


   Skills:
 + Level 8.3 Fighting
 - Level 10.0 Short Blades
 + Level 7.8 Maces & Flails
 + Level 10.9 Dodging
 - Level 1.3 Stealth
 + Level 11.6 Evocations


You had 11 spell levels left.
You didn't know any spells.

Dungeon Overview and Level Annotations

Branches:
Dungeon (11/15)            Temple (1/1) D:6            Lair (0/8) D:10
    Orc (0/2) D:10

Altars:
Ashenzari
Cheibriados
Dithmenos
Elyvilon
Fedhas
Gozag
Kikubaaqudgha
Makhleb
Nemelex Xobeh
Okawaru
Pakellas
Qazlal
Ru
Sif Muna
Trog
Vehumet
Xom
Yredelemnul
Zin
The Shining One

Shops:
D:8 *

Annotations:
D:4 exclusion: statue


Innate Abilities, Weirdness & Mutations

You are small and have problems with some larger weapons.
You are carnivorous and can eat meat at any time.
You are agile. (Dex +2)
You are resistant to electric shocks.


Message History

The phantasmal warrior closely misses you.
You hit the phantasmal warrior.
The phantasmal warrior is severely damaged.
The phantasmal warrior closely misses you.
The phantasmal warrior hits you!!
* * * LOW HITPOINT WARNING * * *
Read which item? (? for menu, Esc to quit)
Blink to where?
Press: ? - help, Dir - move target cursor You are very lightly contaminated with residual magic.
As you read the scroll of blinking, it crumbles to dust.
The phantasmal warrior blinks!
The phantasmal warrior blinks!
The phantasmal warrior blinks!
You see here a wand of iceblast (0/15).
The death knight offers itself to Yredelemnul, and fills with unholy energy.
The phantasmal warrior blinks!
The phantasmal warrior hits you!!
You die...
Pakellas says: That's one more possible approach eliminated.

#># #.# #.# #######
#########.# .......
......##.# #####.#
##.#...#.#######
#)#.####...W...(......###
#.#.........@.W/..ยง.p...#
#####.######...##########.#.#
........# ##.## #.#.#
#.....#.# #.# #.#.#
#)#####.#####.# #W#.# #.#
#.......# #.#.# #.# #########
#p#.# #.# #W#.### #.# #.....#


You could see 2 phantasmal warriors.

Vanquished Creatures
  Erica (D:9)
  A hydra (D:10)
  The ghost of Bubs the Shield-Bearer, a novice FoFi of Elyvilon (D:8)
  3 hill giants (D:10)
  Pikel (D:5)
  A deep elf mage (D:6)
  A manticore (D:9)
  Maurice (D:11)
  A merfolk (D:9)
  Blork the orc (D:5)
  Prince Ribbit (D:7)
  2 two-headed ogres
  11 yaks
  A hippogriff (D:7)
  2 wargs (D:10)
  4 orc warriors
  An eye of draining (D:11)
  3 ogres
  A boggart (D:5)
  A necrophage (D:8)
  4 centaurs
  An elf zombie (D:8)
  3 giant frogs
  2 scorpions
  An oklob sapling (D:6)
  9 killer bees (D:11)
  10 wights
  2 howler monkeys (D:6)
  3 vampire bats (D:3)
  3 crimson imps
  A giant frog zombie (D:7)
  A quasit (D:7)
  2 centaur zombies
  5 hounds
  2 jellies
  4 human zombies (D:8)
  A giant frog skeleton (D:11)
  2 orc priests
  5 orc wizards
  3 centaur skeletons
  5 iguanas
  Jessica (D:3)
  8 worker ants
  2 mummies (D:8)
  A worker ant zombie (D:7)
  5 gnolls
  8 adders
  2 river rats (D:10)
  4 shadow imps
  2 oozes
  An adder zombie (D:5)
  An adder skeleton (D:7)
  4 worms
  6 giant geckos
  36 orcs
  A ball python (D:1)
  14 bats
  2 bat skeletons (D:3)
  3 bat zombies (D:3)
  4 giant cockroaches
  8 hobgoblins
  8 jackals (D:5)
  5 kobolds
  3 quokkas
  A ball python skeleton (D:6)
  A giant gecko zombie (D:8)
  5 giant newts
  13 goblins
  A jackal zombie (D:5)
  An orc skeleton (D:8)
  2 orc zombies (D:8)
  2 quokka skeletons
  A quokka zombie (D:5)
  24 rats
  2 plants (D:6)
290 creatures vanquished.

Vanquished Creatures (collateral kills)
  Eustachio (D:5)
  An orc warrior (D:9)
  A giant frog (D:9)
  A wight (D:5)
  2 orc wizards (D:9)
  A gnoll (D:3)
  5 orcs
12 creatures vanquished.

Vanquished Creatures (others)
  An orc warrior (D:9)
  2 slaves (D:5)
  2 wights (D:5)
  A centaur zombie (D:9)
  2 orc wizards
  2 gnolls
  2 orcs (D:9)
  A jackal (D:5)
  A ball python (D:5)
  A giant newt (D:5)
15 creatures vanquished.

Grand Total: 317 creatures vanquished

Notes
Turn   | Place    | Note
--------------------------------------------------------------
     0 | D:1      | HungrySpirit the Kobold Artificer began the quest for the Orb.
     0 | D:1      | Reached XP level 1. HP: 12/12 MP: 3/3
   122 | D:1      | Reached XP level 2. HP: 15/16 MP: 4/4
   389 | D:1      | Found a sparkling altar of Nemelex Xobeh.
   562 | D:1      | Reached XP level 3. HP: 18/20 MP: 5/5
  1188 | D:2      | Reached skill level 4 in Evocations
  1499 | D:2      | Reached XP level 4. HP: 25/25 MP: 7/7
  1886 | D:2      | Found a blossoming altar of Fedhas.
  2002 | D:2      | Noticed a moth of wrath
  2005 | D:2      | Found a bloodstained altar of Trog.
  2259 | D:2      | Reached XP level 5. HP: 29/29 MP: 8/8
  2639 | D:3      | Noticed Jessica
  2643 | D:3      | Killed Jessica
  2643 | D:3      | Reached skill level 5 in Short Blades
  2857 | D:3      | Reached skill level 5 in Evocations
  2866 | D:3      | Found an ancient bone altar of Kikubaaqudgha.
  2872 | D:3      | Reached XP level 6. HP: 29/34 MP: 9/9
  3351 | D:4      | Found a radiant altar of Vehumet.
  3780 | D:4      | Reached XP level 7. HP: 32/38 MP: 11/11
  3887 | D:5      | Entered Level 5 of the Dungeon
  4059 | D:5      | Reached skill level 6 in Evocations
  4227 | D:5      | Noticed Pikel
  4263 | D:5      | Killed Pikel
  4263 | D:5      | Reached skill level 5 in Dodging
  4263 | D:5      | Reached XP level 8. HP: 43/43 MP: 12/12
  4316 | D:5      | Noticed Blork the orc
  4346 | D:5      | HP: 2/43 [something (6)]
  4505 | D:5      | Gained mutation: You are resistant to electric shocks. [mutagenic meat]
  4506 | D:5      | Gained mutation: You are agile. (Dex +2) [mutagenic meat]
  4570 | D:5      | Noticed Eustachio
  4600 | D:5      | Killed Blork the orc
  4648 | D:5      | Killed Eustachio
  4648 | D:5      | Reached skill level 7 in Evocations
  5023 | D:5      | Reached skill level 1 in Maces & Flails
  5023 | D:5      | Reached XP level 9. HP: 38/47 MP: 14/14
  5423 | D:6      | Reached skill level 10 in Short Blades
  5635 | D:6      | Noticed a deep elf mage
  5645 | D:6      | Noticed a jumping spider
  5646 | D:6      | Killed a deep elf mage
  5646 | D:6      | Reached skill level 8 in Evocations
  5773 | D:6      | Found a staircase to the Ecumenical Temple.
  5805 | Temple   | Entered the Ecumenical Temple
  5837 | Temple   | Became a worshipper of Pakellas the Inventive
  6349 | D:7      | Reached * piety under Pakellas
  6349 | D:7      | Received a gift from Pakellas
  6657 | D:7      | Noticed Prince Ribbit
  6659 | D:7      | Killed Prince Ribbit
  6901 | D:7      | Reached XP level 10. HP: 56/56 MP: 3/16
  7164 | D:8      | Reached skill level 9 in Evocations
  7504 | D:8      | Noticed Bubs's ghost (novice FoFi)
  7509 | D:8      | Killed Bubs's ghost
  7509 | D:8      | Reached skill level 5 in Fighting
  7606 | D:8      | Found a basalt altar of Yredelemnul.
  7788 | D:8      | Found Buotzuot's General Store.
  7796 | D:8      | Bought 2 potions of heal wounds for 130 gold pieces
  7796 | D:8      | Bought 2 potions of heal wounds for 130 gold pieces
  7859 | D:8      | Found a sacrificial altar of Ru.
  7951 | D:8      | Reached skill level 5 in Maces & Flails
  8003 | D:8      | Reached ** piety under Pakellas
  8003 | D:8      | Received a gift from Pakellas
  8391 | D:9      | Noticed Erica
  8395 | D:9      | Killed Erica
  8395 | D:9      | Reached skill level 10 in Evocations
  8493 | D:9      | Noticed a manticore
  8503 | D:9      | Killed a manticore
  8503 | D:9      | Reached XP level 11. HP: 11/65 MP: 18/18
  8685 | D:9      | Found a shimmering altar of Xom.
  8686 | D:9      | Found a glowing silver altar of Zin.
  8686 | D:9      | Noticed an angel
  8751 | D:9      | Found a sparkling altar of Nemelex Xobeh.
  8967 | D:10     | Entered Level 10 of the Dungeon
  8967 | D:10     | Noticed a hill giant
  8970 | D:10     | Killed a hill giant
  9036 | D:10     | Found a staircase to the Orcish Mines.
  9070 | D:10     | Noticed a hill giant
  9087 | D:10     | Reached *** piety under Pakellas
  9087 | D:10     | Received a gift from Pakellas
  9105 | D:10     | Killed a hill giant
  9144 | D:10     | Noticed a hill giant
  9146 | D:10     | Killed a hill giant
  9146 | D:10     | Reached skill level 10 in Dodging
  9177 | D:10     | Reached skill level 11 in Evocations
  9483 | D:10     | Noticed a seven-headed hydra
  9487 | D:10     | Killed a seven-headed hydra
  9763 | D:10     | Reached **** piety under Pakellas
  9763 | D:10     | Received a gift from Pakellas
  9778 | D:10     | Found a staircase to the Lair.
  9914 | D:11     | Noticed Maurice
  9919 | D:11     | Killed Maurice
  9932 | D:11     | Reached XP level 12. HP: 70/74 MP: 9/20
 10297 | D:11     | Noticed a death knight
 10314 | D:11     | Mangled by a phantasmal warrior

Skill      XL: |  1  2  3  4  5  6  7  8  9 10 11 |
---------------+----------------------------------+-----
Short Blades   | 2 3 4 5 6 8 9 10 | 10.0
Evocations     | 4 5 6 7 8 10 11 | 11.6
Dodging        | 3 4 5 6 7 9 10 | 10.9
Maces & Flails | 1 3 5 7 |  7.8
Fighting       | 3 6 8 |  8.3
Stealth        | |  1.3

Action                   |  1- 3 |  4- 6 |  7- 9 | 10-12 || total
-------------------------+-------+-------+-------+-------++-------
Melee: Short sword       |   115 |   219 |    57 |       ||   391
       Whip              |       |       |   262 |   465 ||   727
Invok: Quick Charge      |       |       |     2 |     9 ||    11
Evoke: Wand              |     5 |    11 |    35 |    44 ||    95
       Box of beasts     |       |       |       |     2 ||     2
  Use: Scroll            |       |       |     1 |    18 ||    19
       Potion            |       |       |       |     3 ||     3
 Stab: Sleeping          |     2 |    12 |     2 |    14 ||    30
       Distracted        |       |     1 |     1 |     2 ||     4
  Eat: Chunk             |    10 |     8 |    11 |    14 ||    43
Armor: Leather armour    |    18 |    16 |       |       ||    34
       Robe              |       |    27 |    40 |    35 ||   102
Dodge: Dodged            |    75 |   186 |   283 |   333 ||   877
